 Dungeon Crawl Stone Soup version 0.28-a0-723-g095bd1b44f (webtiles) character file.

Game seed: 480825263216031922

9273 cheechan the Spear-Bearer (level 11, -6/102 (103) HPs)
             Began as a Naga Chaos Knight on Oct 24, 2021.
             Was a Plaything of Xom.
             Mangled by an orc warlord (19 damage)
             ... on level 2 of the Orcish Mines on Oct 25, 2021.
             The game lasted 00:52:16 (10233 turns).

cheechan the Spear-Bearer (Naga Chaos Knight)      Turns: 10233, Time: 00:52:17

HP:   -6/102 (103)  AC: 15    Str: 20    XL:     11   Next: 43%
MP:   20/20         EV:  8    Int: 11    God:    Xom [..*...]
Gold: 401           SH: 12    Dex: 15    Spells: 9/10 levels left

rFire   . . .      SeeInvis +   K - +10 hand axe "Unogh" {vorpal, Str+3 Int-2 Dex+4 SInv}
rCold   . . .      Faith    .   L - +0 tower shield
rNeg    . . .      Spirit   .   D - +1 steam dragon scales
rPois   +          Reflect  .   (helmet restricted)
rElec   .          Harm     .   M - +0 cloak
rCorr   .          Rampage  .   I - +1 pair of gloves "Xuckakk" {Will+}
Will    ++...                   (no barding)
Stlth   ++++......              B - amulet of regeneration
HPRegen 1.27/turn               q - +4 ring of protection
MPRegen 0.17/turn               f - ring of magical power

@: about to teleport, lightly drained, very slow
A: AC +3, large, see invisible, deformed body, poison resistance, slowness 2,
spit poison 1, naga tail 1, beak, horns 1, stinger 1
a: Spit Poison, Renounce Religion


You were on level 2 of the Orcish Mines.
You worshipped Xom.
You were a toy of Xom.
You visited 3 branches of the dungeon, and saw 12 of its levels.
You also visited: Ossuary.

You collected 1607 gold pieces.
You spent 1206 gold pieces at shops.

Inventory:

Hand Weapons
 a - a +1 hand axe of chaos
 k - the +9 halberd of Corruption {elec, *Rage Str+5 Dex+7}
   (You found it on level 2 of the Dungeon)

   It occasionally discharges a powerful burst of electricity upon striking a
   foe.
   Str:       It affects your strength (+5).
   Dex:       It affects your dexterity (+7).
   *Rage:     It berserks you when you make melee attacks (+20% chance).
 r - a +0 hunting sling
 G - a +0 war axe
 H - a +1 war axe of flaming
 K - the +10 hand axe "Unogh" (weapon) {vorpal, Str+3 Int-2 Dex+4 SInv}
   (You bought it in a shop on level 9 of the Dungeon)

   It inflicts extra damage upon your enemies.
   Str:       It affects your strength (+3).
   Int:       It affects your intelligence (-2).
   Dex:       It affects your dexterity (+4).
   SInv:      It lets you see invisible.
 P - a +0 shortbow
 Q - a +4 dagger of distortion
Missiles
 c - 229 stones
 d - 43 poisoned darts
 g - 109 sling bullets
 h - 15 bolts
 n - 3 throwing nets
 x - 2 curare-tipped darts
 y - 132 arrows
 N - 2 javelins
Armour
 b - a +3 leather armour
 D - +1 steam dragon scales (worn)
 I - the +1 pair of gloves "Xuckakk" (worn) {Will+}
   (You acquired it on level 7 of the Dungeon)

   Will:      It increases your willpower.
 L - a +0 tower shield (worn)
 M - a +0 cloak (worn)
Jewellery
 f - a ring of magical power (right hand)
 q - a +4 ring of protection (left hand)
 w - an amulet of the acrobat
 B - an amulet of regeneration (around neck)
Wands
 j - a wand of flame (42)
 o - a wand of iceblast (15)
 v - a wand of mindburst (19)
 F - a wand of acid (19)
 O - a wand of paralysis (15)
Scrolls
 m - 2 scrolls of teleportation
 s - a scroll of fog
 u - a scroll of summoning {unknown}
 T - 2 scrolls of enchant weapon
Potions
 e - 2 potions of curing
 i - a potion of ambrosia
 l - 3 potions of brilliance
 p - 2 potions of haste
 t - 2 potions of magic
 A - a potion of attraction {unknown}
 C - a potion of invisibility {unknown}
 E - a potion of cancellation {unknown}
 J - 2 potions of degeneration {unknown}
 S - a potion of berserk rage {unknown}


   Skills:
 + Level 8.0 Fighting
 + Level 6.6(9.6) Axes
 + Level 10.7(11.5) Polearms
 + Level 3.8 Armour
 + Level 5.5 Dodging
 + Level 8.9 Stealth
 + Level 2.2 Shields
 + Level 0.4 Unarmed Combat


You had 9 spell levels left.
You knew the following spells:

 Your Spells              Type           Power      Damage    Failure   Level
a - Magic Dart            Conj           0%         1d3       99%         1

Your spell library contained the following spells:

 Spells                   Type           Power      Damage    Failure   Level
 Searing Ray              Conj           0%         2d4       100%        2
 Gell's Gravitas          Tloc           0%         N/A       100%        3
 Lesser Beckoning         Tloc           0%         N/A       100%        3
 Teleport Other           Tloc           0%         N/A       100%        3
 Animate Dead             Necr           0%         N/A       100%        4
 Fulminant Prism          Conj/Hex       0%         3d6       100%        4
 Borgnjor's Vile Clutch   Necr/Erth      0%         N/A       100%        5
 Death Channel            Necr           0%         N/A       100%        6


Dungeon Overview and Level Annotations

Branches:
Dungeon (9/15)             Temple (1/1) D:6            Lair (0/6) D:8
    Orc (1/2) D:9         Ossuary (visited)

Altars:
Ashenzari
Cheibriados
Dithmenos
Elyvilon
Fedhas
Hepliaklqana
Kikubaaqudgha
Makhleb
Nemelex Xobeh
Okawaru
Qazlal
Ru
Sif Muna
Uskayaw
Vehumet
Wu Jian
Xom
Yredelemnul
The Shining One
Lugonu

Shops:
D:8 [   D:9 (


Innate Abilities, Weirdness & Mutations

Your serpentine skin is tough. (AC +3)
You have supernaturally acute eyesight. (SInv)
Armour fits poorly on your strangely shaped body.
Your system is resistant to poisons. (rPois)
You cover ground very slowly.
You can spit poison.
You have a snake-like lower body.
You have a beak for a mouth.
You have a pair of small horns on your head.
Your tail ends in a poisonous barb.


Message History

You hear a shout!
You hear two shouts!
You hear a shout!
An ogre comes into view. It is wielding a +0 giant club.
Abil: Spit Poison
Press: ? - help, Q - select action, (/) - cycle Shift-Dir - straight line, f - two-headed ogre
Aim: a two-headed ogre, wielding two +0 giant clubs The splash of poison misses the two-headed ogre.
An ogre comes into view. It is wielding a +0 giant club.
As you read the scroll of fog, it crumbles to dust.
The scroll dissolves into smoke.
A two-headed ogre comes into view.
It is wielding a +0 giant club and a +0 giant spiked club.
The two-headed ogre hits you but does no damage.
The two-headed ogre closely misses you. You block the ogre's attack.
You have got your breath back.
The two-headed ogre hits you with a +0 giant club!
The two-headed ogre hits you but does no damage.
You hit the two-headed ogre.
You headbutt the two-headed ogre, but do no damage.
You peck the two-headed ogre.
The two-headed ogre is lightly wounded.
You slash the two-headed ogre!
You hit the orc warlord but do no damage.
You block the orc warlord's attack.
The two-headed ogre hits you with a +0 giant club! x2
The orc warlord hits you with a +1 great sword!!
You hear a shout!
As you read the scroll of teleportation, it crumbles to dust.
You feel strangely unstable.
You hear a shout! x2; You hear two shouts!
You hear a shout!
You hear two shouts! x2
The two-headed ogre hits you but does no damage.
The two-headed ogre hits you with a +0 giant spiked club!
* * * LOW HITPOINT WARNING * * *
You block the two-headed ogre's attack.
The two-headed ogre hits you with a +0 giant club!
* * * LOW HITPOINT WARNING * * *
You block the ogre's attack.
The orc warlord hits you with a +1 great sword!!
You die...
Xom giggles madly!

#.....#..........).. ..
##.................. .
#....................
##...................
## ##.................
##.##..................
#...#..................
#.....................
#........§§.@O........
#..#....§#§OOo§§....
#...##....§§.§§§§....
##.###....§§§§§§§....
## ##...§§§§§§.....
#....§§§§......
##...########O. #.o## .
#..#


You could see an orc warlord, 2 two-headed ogres and an ogre.

Vanquished Creatures
  Harold (D:8)
  Erica (D:9)
  A two-headed ogre (D:8)
  A death yak (D:8)
  Maggie (D:6)
  Psyche (D:8)
  Prince Ribbit (D:8)
  A shadow (D:9)
  4 yaks (D:9)
  2 wyverns
  A wraith (Ossuary)
  A basilisk (D:8)
  2 steam dragons (D:8)
  Menkaure (D:5)
  A warg (Orc:1)
  2 acid dragons
  A water moccasin (D:6)
  6 orc warriors
  2 ice beasts
  A sky beast (D:7)
  2 black bears
  6 ogres
  A centaur (D:9)
  2 necrophages
  2 phantoms
  2 kobold brigands (D:9)
  4 bullfrogs
  A scorpion (D:4)
  A wyvern skeleton (D:7)
  5 killer bees (D:9)
  2 howler monkeys
  A bullfrog zombie (D:5)
  2 jellies
  A bullfrog skeleton (D:7)
  5 orc priests
  4 hounds
  2 iguanas
  8 orc wizards
  8 ogre zombies (D:9)
  3 mummies (Ossuary)
  A gnoll (D:6)
  5 adders
  A river rat (D:6)
  A white imp (D:8)
  4 ufetubi
  2 worms
  23 orcs
  9 endoplasms
  A giant cockroach (D:2)
  15 goblins
  11 hobgoblins
  2 jackals (D:1)
  2 quokkas
  9 ball pythons
  2 bats (D:3)
  4 frilled lizards
  A goblin skeleton (D:9)
  6 goblin zombies
  2 hobgoblin skeletons (D:9)
  8 hobgoblin zombies
  11 kobolds
  3 orc skeletons (D:9)
  13 orc zombies
  7 rats
237 creatures vanquished.

Vanquished Creatures (collateral kills)
  A yak (D:9)
  A gnoll sergeant (D:6)
  3 gnolls (D:6)
  2 jackals (D:1)
7 creatures vanquished.

Vanquished Creatures (others)
  A dancing weapon (D:6)
  A centaur (D:8)
  An orc (Orc:2)
  2 kobolds (D:9)
  2 demonic plants (D:1)
  5 fungi (D:9)
  2 plants
14 creatures vanquished.

Grand Total: 258 creatures vanquished

Notes
Turn   | Place    | Note
-------+----------+-------------------------------------------
     0 | D:1      | cheechan the Naga Chaos Knight began the quest for the Orb.
     0 | D:1      | Reached XP level 1. HP: 21/21 MP: 1/1
   250 | D:1      | XOM: cast spell 'Call Canine Familiar'
   258 | D:1      | Reached XP level 2. HP: 22/28 MP: 2/2
   391 | D:1      | Found a faded altar of an unknown god.
   391 | D:1      | Noticed a cacodemon
   508 | D:1      | XOM: 2-stop teleportation journey
   925 | D:2      | You fall into a shaft and drop 2 floors!
   984 | D:3      | Found a burning altar of Makhleb.
   988 | D:3      | Noticed a green death
  1056 | D:3      | Reached XP level 3. HP: 31/34 MP: 3/3
  1247 | D:3      | Upgraded the game from 0.28-a0-706-gf6f64a616a to
                  | 0.28-a0-723-g095bd1b44f
  1481 | D:3      | XOM: silly message
  1815 | D:2      | Reached XP level 4. HP: 37/42 MP: 4/4
  2001 | D:2      | XOM: god gift: wand of iceblast (7)
  2114 | D:2      | XOM: 1-stop teleportation journey
  2452 | D:2      | Reached skill level 1 in Dodging
  2452 | D:2      | Reached skill level 1 in Stealth
  2456 | D:2      | Identified the +9 halberd of Corruption {elec, *Rage Str+5
                  | Dex+7}
  2491 | D:2      | XOM: summons 3 hostile demons
  2593 | D:2      | Reached XP level 5. HP: 49/49 MP: 5/5
  3098 | D:3      | XOM: 4-stop teleportation journey
  3431 | D:4      | Reached skill level 1 in Polearms
  3475 | D:4      | Found an iron altar of Okawaru.
  3482 | D:4      | XOM: divination: magic mapping
  3556 | D:4      | Reached skill level 2 in Polearms
  3556 | D:4      | Reached XP level 6. HP: 49/57 MP: 6/6
  3907 | D:4      | Noticed an ice beast
  3910 | D:4      | Killed an ice beast
  3911 | D:4      | Reached skill level 3 in Polearms
  4130 | D:4      | XOM: silly message
  4216 | D:5      | Entered Level 5 of the Dungeon
  4222 | D:5      | Reached XP level 7. HP: 64/64 MP: 7/7
  4227 | D:5      | Reached skill level 4 in Polearms
  4390 | D:5      | XOM: confuse monster(s)
  4393 | D:5      | Reached skill level 5 in Polearms
  4565 | D:5      | Found a broken altar of Ashenzari.
  4573 | D:5      | Found a hide-covered altar of Uskayaw.
  4576 | D:5      | Noticed Menkaure
  4580 | D:5      | Killed Menkaure
  4581 | D:5      | Reached XP level 8. HP: 73/73 MP: 8/8
  4771 | D:5      | Found a sacrificial altar of Ru.
  4779 | D:5      | Reached skill level 6 in Polearms
  5021 | D:6      | Found a shadowy altar of Dithmenos.
  5023 | D:6      | Noticed Maggie
  5043 | D:6      | Killed Maggie
  5051 | D:6      | XOM is BORED!
  5051 | D:6      | XOM: summons 5 hostile demons
  5078 | D:6      | Found a staircase to the Ecumenical Temple.
  5078 | D:6      | XOM: 3-stop teleportation journey
  5096 | D:6      | Reached skill level 5 in Fighting
  5097 | D:6      | Reached skill level 5 in Stealth
  5140 | D:6      | Reached skill level 7 in Polearms
  5140 | D:6      | Reached XP level 9. HP: 34/81 MP: 9/9
  5212 | D:6      | XOM: cloud trail
  5377 | Temple   | Entered the Ecumenical Temple
  5812 | D:6      | XOM: enchant monster (good)
  5813 | D:6      | XOM: polymorph adder -> river rat
  5937 | D:6      | XOM: summons 5 hostile demons
  5966 | D:6      | XOM: noise
  6177 | D:7      | XOM: noise
  6203 | D:7      | Reached skill level 8 in Polearms
  6227 | D:7      | Found a sand-covered staircase.
  6243 | Ossuary  | Entered an ossuary
  6431 | Ossuary  | XOM: silly message
  6707 | D:7      | XOM: potion effect (invisibility)
  6751 | D:7      | Identified a scroll of acquirement
  6751 | D:7      | Acquired the +1 pair of gloves "Xuckakk" {Will+}
  6769 | D:7      | You fall into a shaft and drop 2 floors!
  6772 | D:9      | XOM: silly message
  6773 | D:9      | XOM: chaos upgrade
  6793 | D:9      | Found a blossoming altar of Fedhas.
  6843 | D:9      | XOM: confuse monster(s)
  6845 | D:9      | XOM: god gift: wand of paralysis (8)
  6850 | D:9      | Reached skill level 9 in Polearms
  7042 | D:9      | Noticed Erica
  7059 | D:9      | Killed Erica
  7060 | D:9      | Reached XP level 10. HP: 91/91 MP: 10/10
  7085 | D:9      | XOM: summons friendly crimson imp
  7091 | D:9      | Reached skill level 10 in Polearms
  7094 | D:9      | XOM: enchant monster (good)
  7138 | D:9      | Found an ancient bone altar of Kikubaaqudgha.
  7175 | D:9      | Found Ewioleit's Weapon Shop.
  7316 | D:9      | Acquired 1031 gold pieces
  7322 | D:9      | Bought the +10 hand axe "Unogh" {vorpal, Str+3 Int-2 Dex+4
                  | SInv} for 990 gold pieces
  7396 | D:9      | XOM: give mutation
  7396 | D:9      | Gained mutation: You have a beak for a mouth. [Xom's
                  | mischief]
  7482 | D:9      | Found a white marble altar of Elyvilon.
  7490 | D:9      | Found a snail-covered altar of Cheibriados.
  7490 | D:9      | Found a shimmering blue altar of Sif Muna.
  7691 | D:8      | XOM: divination: magic mapping
  7726 | D:8      | Noticed Harold
  7744 | D:8      | Killed Harold
  7886 | D:8      | XOM: give mutation
  7886 | D:8      | Gained mutation: You possess an exceptional clarity of
                  | mind. [Xom's grace]
  7895 | D:8      | Found Lyzaofuz's Antique Armour Shop.
  7900 | D:8      | Bought a tower shield for 108 gold pieces
  7900 | D:8      | Bought a cloak for 108 gold pieces
  8025 | D:8      | Learned a level 1 spell: Magic Dart
  8059 | D:8      | Noticed Psyche
  8065 | D:8      | XOM: fog
  8066 | D:8      | XOM: summons friendly white imp
  8089 | D:8      | XOM: cleaving
  8122 | D:7      | XOM: silly message
  8163 | D:7      | XOM: noise
  8303 | D:8      | Killed Psyche
  8390 | D:8      | Noticed Prince Ribbit
  8423 | D:8      | Killed Prince Ribbit
  8424 | D:8      | Reached skill level 5 in Axes
  8441 | D:8      | Lost mutation: You possess an exceptional clarity of mind.
                  | [potion of mutation]
  8441 | D:8      | Gained mutation: You possess an exceptional clarity of
                  | mind. [potion of mutation]
  8441 | D:8      | Gained mutation: You passively map a small area around you.
                  | [potion of mutation]
  8442 | D:8      | Lost mutation: You passively map a small area around you.
                  | [potion of mutation]
  8442 | D:8      | Lost mutation: You possess an exceptional clarity of mind.
                  | [potion of mutation]
  8443 | D:8      | Gained mutation: You have a pair of small horns on your
                  | head. [potion of mutation]
  8443 | D:8      | Gained mutation: Your tail ends in a poisonous barb.
                  | [potion of mutation]
  8453 | D:8      | Found a staircase to the Lair.
  8453 | D:8      | Noticed a death yak
  8453 | D:8      | Noticed a two-headed ogre
  8454 | D:8      | XOM: divination: magic mapping
  8474 | D:8      | Killed a death yak
  8476 | D:8      | XOM: silly message
  8482 | D:8      | Reached skill level 1 in Shields
  8490 | D:8      | Reached XP level 11. HP: 63/100 MP: 11/11
  8495 | D:8      | XOM: confuse monster(s)
  8500 | D:8      | XOM: potion effect (brilliance)
  8503 | D:8      | XOM: confuse monster(s)
  8510 | D:8      | HP: 2/100 [two-headed ogre (24)]
  8541 | D:8      | XOM: 8-stop teleportation journey
  8891 | D:8      | XOM: butterfly on damage
  8895 | D:8      | Killed a two-headed ogre
  8896 | D:8      | Reached skill level 5 in Dodging
  9418 | D:8      | XOM: silly message
  9673 | D:9      | Found a staircase to the Orcish Mines.
  9696 | D:9      | XOM is BORED!
  9696 | D:9      | XOM: enchant monster (bad)
  9826 | Orc:1    | Entered Level 1 of the Orcish Mines
 10009 | Orc:1    | You fall into a shaft and drop 1 floor!
 10009 | Orc:2    | Entered Level 2 of the Orcish Mines
 10009 | Orc:2    | Noticed an orc knight
 10025 | Orc:2    | Noticed a cyclops
 10025 | Orc:2    | XOM: enchant monster (good)
 10032 | Orc:2    | XOM: scenery: summon butterflies
 10042 | Orc:2    | XOM: confusion (+ monsters)
 10045 | Orc:2    | XOM: swap monsters
 10051 | Orc:2    | Noticed an orc knight
 10062 | Orc:2    | XOM: 1-stop teleportation journey
 10132 | Orc:2    | XOM: blink monster(s)
 10219 | Orc:2    | Noticed an orc warlord
 10219 | Orc:2    | Noticed a two-headed ogre
 10219 | Orc:2    | Noticed a two-headed ogre
 10228 | Orc:2    | Noticed a two-headed ogre
 10233 | Orc:2    | Mangled by an orc warlord

Illustrated notes

Levels and vault maps discovered:
D:1:      onia_arrival_mini_spirals, layout_rooms,
          dreamdust_ecumenical_altar_sealed_demon, skrybe_limestone_x
D:2:      minmay_diamond_boxcup, layout_basic, minmay_circle_x
D:3:      layout_loops_cross, makhleb_altar_promises_db
D:4:      layout_basic, mainiacjoe_overflow_catwalk
D:5:      layout_loops_cross, overflow_temple_1_default,
          mainiacjoe_overflow_alcove_1, nicolae_uskayaw_dance_hall,
          uniq_menkaure
D:6:      layout_basic, grunt_dithmenos_smoke, temple_pool_b, uniq_maggie
D:7:      layout_loops_corners, lemuel_crystal_altar, serial_shops,
          kennysheep_mini_moat, nicolae_ossuary_entry_monument, uniq_pikel
D:8:      layout_basic, david_lair_generic, serial_shops, kennysheep_little_box,
          kennysheep_generic_room_16, uniq_psyche, uniq_harold,
          uniq_prince_ribbit1
D:9:      layout_small_grid, lemuel_coloured_pillars_altar, fedhas_altar_3,
          nicolae_gozag_cash_rules_everything_around_me,
          nicolae_overflow_hidden_temple, zombieorc2_lemuel, serial_shops,
          nicolae_stop_n_shop_2, minmay_misc_feat_pillars,
          lemuel_flamethrower_2, uniq_erica
Temple:   corrupted_temple
Orc:1:    layout_caves
Orc:2:    st_orc_ogre_mass, layout_diamond_mine

Skill      XL: |  1  2  3  4  5  6  7  8  9 10 11 |
---------------+----------------------------------+-----
Axes           | 4 5 6 |  6.6
Armour         | 2 3 |  3.8
Dodging        | 1 2 3 4 5 |  5.5
Stealth        | 1 2 3 5 7 8 |  8.9
Polearms       | 2 3 5 7 9 10 | 10.7
Fighting       | 4 5 6 7 8 |  8.0
Shields        | 1 2 |  2.2
Unarmed Combat | |  0.4

Action                   |  1- 3 |  4- 6 |  7- 9 | 10-12 || total
-------------------------+-------+-------+-------+-------++-------
Melee: Hand axe          |   108 |    63 |       |   188 ||   359
       Halberd           |       |    71 |   166 |    22 ||   259
       Peck              |       |       |       |    48 ||    48
       Headbutt          |       |       |       |    42 ||    42
       Unarmed           |       |       |       |     6 ||     6
 Abil: Spit Poison       |    13 |     3 |     1 |     9 ||    26
  Use: Scroll            |     6 |     2 |     7 |    13 ||    28
       Potion            |       |       |       |     9 ||     9
 Stab: Sleeping          |     1 |     2 |     9 |     6 ||    18
       Petrifying        |       |     1 |       |       ||     1
       Petrified         |       |     1 |       |       ||     1
       Confused          |       |       |     2 |     1 ||     3
       Invisible         |       |       |     2 |       ||     2
Armor: Leather armour    |    46 |    75 |    93 |    10 ||   224
       Steam dragon scal |       |       |       |    80 ||    80
Dodge: Dodged            |    54 |    88 |   230 |    73 ||   445
Block: Tower shield      |       |       |       |   127 ||   127

Table legend: (Time is in decaauts)
 A = Elapsed time spent in this place.
 B = Non-inter-level travel time spent in this place.
 C = Inter-level travel time spent in this place.
 D = Time resting spent in this place.
 E = Time spent auto-exploring this place.
 F = Levels seen in this place.
 G = Mean time per level.
                   A        B        C        D        E       F      G
               +--------+--------+--------+--------+--------+-----+--------+
         Total |  13187 |  13179 |      8 |   2828 |      0 |  13 | 1014.4 |
       Dungeon |  11940 |  11932 |      8 |   2754 |      0 |   9 | 1326.7 |
        Temple |     88 |     88 |      0 |      0 |      0 |   1 |   88.0 |
  Orcish Mines |    525 |    525 |      0 |     74 |      0 |   2 |  262.5 |
       Ossuary |    632 |    632 |      0 |      0 |      0 |   1 |  632.0 |
               +--------+--------+--------+--------+--------+-----+--------+

Top non-repeatable levels by time:
     D:8: 2192 daAuts
     D:2: 1656 daAuts
     D:3: 1424 daAuts
     D:6: 1339 daAuts
     D:9: 1297 daAuts
     D:4: 1257 daAuts
     D:1: 1126 daAuts
     D:5: 1103 daAuts
 Ossuary: 632 daAuts
     D:7: 541 daAuts
   Orc:2: 275 daAuts
   Orc:1: 250 daAuts
  Temple: 88 daAuts
